 Dungeon Crawl Stone Soup version 0.28-a0-58-g8378e6c (webtiles) character file.

Game seed: 12227120416946266440

7539 Illumine the Cleaver (level 10, -4/141 HPs)
             Began as a Deep Dwarf Fighter on July 30, 2021.
             Was a Believer of Makhleb.
             Slain by an eight-headed hydra (7 damage)
             ... on level 1 of the Lair of Beasts.
             The game lasted 00:10:17 (6071 turns).

Illumine the Cleaver (Deep Dwarf Fighter)           Turns: 6071, Time: 00:10:18

Health: -4/141     AC: 25    Str: 23    XL:     10   Next: 96%
Magic:  0/0        EV:  2    Int:  9    God:    Makhleb [**....]
Gold:   434        SH: 12    Dex: 18    Spells: 9/9 levels left

rFire   . . .      SeeInvis .   K - +1 war axe (vorpal)
rCold   . . .      Faith    .   c - +0 kite shield
rNeg    + + +      Spirit   .   (armour currently unavailable)
rPois   +          Reflect  .   (helmet currently unavailable)
rElec   .          Harm     .   (cloak currently unavailable)
rCorr   .          Rampage  .   (gloves currently unavailable)
Will    +....      NoTele   +   (boots currently unavailable)
Stlth   ++........              (no amulet)
HPRegen 0.00/turn               F - +6 ring of dexterity
MPRegen 0.07/turn               D - ring of poison resistance

@: tree-form
A: stationary, stasis, torment immunity, boosted hp, damage resistance, heal
wounds, sense surroundings 2, no regeneration
a: Heal Wounds, Renounce Religion, Minor Destruction


You were on level 1 of the Lair of Beasts.
You worshipped Makhleb.
Makhleb was pleased with you.
You were a tree.
You visited 3 branches of the dungeon, and saw 11 of its levels.
You also visited: Sewer.

You collected 434 gold pieces.

Inventory:

Hand Weapons
 a - a +0 war axe
 z - a +0 battleaxe
 K - a +1 vorpal war axe (weapon)
Missiles
 m - a throwing net
Armour
 c - a +0 kite shield (worn)
 l - a +0 pair of gloves (melded)
 s - a +0 plate armour (melded)
 t - a +0 helmet (melded)
 y - a +0 pair of boots (melded)
Jewellery
 x - a ring of resist corrosion
 D - a ring of poison resistance (right branch)
 F - a +6 ring of dexterity (left branch)
Wands
 v - a wand of mindburst (9)
 I - a wand of acid (3)
Scrolls
 b - a scroll of torment {unknown}
 g - a scroll of holy word {unknown}
 h - 4 scrolls of teleportation
 j - 2 scrolls of fear {unknown}
 k - 3 scrolls of amnesia {unknown}
 n - a scroll of silence {unknown}
 q - a scroll of identify
 r - a scroll of acquirement {unknown}
 A - a scroll of vulnerability {unknown}
 B - a scroll of magic mapping {unknown}
 C - a scroll of fog {unknown}
 E - a scroll of enchant weapon {unknown}
 G - a scroll of noise {unknown}
 H - a scroll of immolation {unknown}
Potions
 d - 2 potions of might
 f - a potion of mutation
 i - 4 potions of curing
 o - 5 potions of flight
 p - 2 potions of lignification
 u - 4 potions of attraction
 w - a potion of brilliance
 J - a potion of degeneration {unknown}
 L - a potion of haste {unknown}


   Skills:
 + Level 7.4 Fighting
 * Level 11.5 Axes
 + Level 7.8 Armour
 + Level 3.3 Dodging
 + Level 8.8 Shields
 + Level 4.3 Invocations


You had 9 spell levels left.
You didn't know any spells.
Your spell library contained the following spells:

 Spells                   Type           Power      Damage    Failure   Level
 Ensorcelled Hibernation  Hex/Ice        0%         N/A       80%         2
 Sublimation of Blood     Necr           0%         N/A       80%         2
 Spider Form              Tmut/Pois      0%         N/A       95%         3
 Stone Arrow              Conj/Erth      0%         3d7       95%         3
 Animate Armour           Summ/Erth      0%         N/A       100%        4
 Petrify                  Tmut/Erth      0%         N/A       100%        4
 Irradiate                Conj/Tmut      0%         3d13      100%        5
 Shadow Creatures         Summ           N/A        N/A       100%        6
 Lehudib's Crystal Spear  Conj/Erth      0%         10d2      100%        8


Dungeon Overview and Level Annotations

Branches:
Dungeon (9/15)             Temple (1/1) D:6            Lair (1/6) D:9
  Sewer (visited)
    Orc: D:9-12

Altars:
Cheibriados
Dithmenos
Elyvilon
Fedhas
Gozag
Makhleb
Okawaru
Ru
Trog
Wu Jian
Yredelemnul
Zin

Shops:
D:8 (


Innate Abilities, Weirdness & Mutations

You are a tree.
Your roots penetrate the ground, keeping you stationary.
You cannot be teleported.
You are immune to unholy pain and torment.
Your maximum health is greatly increased.
Your equipment is partially melded.
You are resistant to damage.
You can heal yourself by infusing magical energy.
You passively map the area around you.
You do not regenerate.


Message History

Unknown command.
Unknown command.
Unknown command.
Okay, then.
Okay, then.
That's the wrong kind of item! (Use * to select it.) Evoke which item? (* to show all) (? for menu, Esc to quit)
Aiming: Corrosive Bolt
Press: ? - help, Shift-Dir - straight line, p - eight-headed hydra The bolt of acid hits the eight-headed hydra!
The eight-headed hydra is splashed with acid.
The acid corrodes the eight-headed hydra!
The eight-headed hydra is moderately wounded.
You block the basilisk's attack.
The eight-headed hydra bites you but does no damage. x2
You block the eight-headed hydra's attack.
The eight-headed hydra completely misses you.
You block the eight-headed hydra's attack.
The eight-headed hydra bites you but does no damage. x3
Aiming: Corrosive Bolt
Press: ? - help, Shift-Dir - straight line The bolt of acid hits the eight-headed hydra!
The eight-headed hydra is splashed with acid.
The eight-headed hydra seems to be corroded for longer.
The eight-headed hydra is heavily wounded.
You block the basilisk's attack.
The eight-headed hydra bites you but does no damage. x2
The eight-headed hydra barely misses you.
You block the eight-headed hydra's attack.
The eight-headed hydra bites you but does no damage.
The eight-headed hydra bites you.
The eight-headed hydra bites you but does no damage. x2
Aiming: Corrosive Bolt
Press: ? - help, Shift-Dir - straight line The bolt of acid hits the eight-headed hydra!
The eight-headed hydra is splashed with acid.
The eight-headed hydra is severely wounded.
The basilisk gazes at you. You resist with almost no effort.
The eight-headed hydra bites you!
You die...

...................!...
....................... ,
, ,......................
,
..............###.#.###,
, ,
,....###.##....#.......#,
.... .....#...#........,
, .#........#...........#
, .......#...#Dl...... ,
** ...........#♣......# ,
, ,......#...#........ ,
* * ................... ,
*, , ,....+...#.......+ ,
* ** ##+##...###.#.### ,
.... ,..... , * * ###
*#.#..#* * * *## ##


You could see an eight-headed hydra (corroded) and a basilisk.

Vanquished Creatures
  Gastronok (D:9)
  Psyche (D:9)
  2 trolls
  A shadow (D:9)
  Sigmund (D:3)
  Grum (D:8)
  3 acid dragons
  2 water moccasins
  An ice beast (D:6)
  A sky beast (D:6)
  A hornet zombie (D:7)
  A necrophage (D:6)
  2 ogres (D:5)
  5 orc warriors
  A black bear (D:5)
  A centaur (D:7)
  5 wolves
  3 phantoms
  5 kobold brigands
  2 bullfrogs
  A scorpion (D:6)
  A water moccasin skeleton (D:5)
  5 killer bees (D:9)
  3 wights (D:8)
  3 electric eels (D:9)
  2 howler monkeys (D:9)
  2 centaur zombies
  2 bullfrog zombies
  6 hounds
  4 orc priests
  2 centaur skeletons
  2 gnoll shamans
  Jessica (D:2)
  2 iguanas (D:6)
  A scorpion zombie (D:5)
  9 orc wizards
  3 killer bee zombies
  Robin (D:3)
  A howler monkey zombie (D:6)
  8 adders
  13 gnolls
  A river rat (Sewer)
  A white imp (D:8)
  An ufetubus (D:4)
  2 worms (D:2)
  5 dart slugs
  32 orcs
  3 ball pythons
  10 endoplasms
  5 giant cockroaches
  16 goblins
  4 hobgoblins
  16 jackals
  21 kobolds
  5 quokkas
  6 bats
  2 frilled lizards
  9 rats
251 creatures vanquished.

Vanquished Creatures (others)
  2 fungi (Lair:1)
  2 plants (Lair:1)
4 creatures vanquished.

Grand Total: 255 creatures vanquished

Notes
Turn   | Place    | Note
-------+----------+-------------------------------------------
     0 | D:1      | Illumine the Deep Dwarf Fighter began the quest for the
                  | Orb.
     0 | D:1      | Reached XP level 1. HP: 20/20 MP: 1/1
    40 | D:1      | Reached XP level 2. HP: 27/27 MP: 2/2
   175 | D:1      | Found a faded altar of an unknown god.
   362 | D:1      | Reached skill level 3 in Axes
   707 | D:2      | Reached XP level 3. HP: 24/34 MP: 3/3
   778 | D:2      | Noticed Jessica
   785 | D:2      | Killed Jessica
   786 | D:2      | Reached XP level 4. HP: 26/42 MP: 4/4
  1092 | D:2      | Reached skill level 4 in Axes
  1199 | D:2      | Reached XP level 5. HP: 17/49 MP: 4/4
  1556 | D:3      | Found a glowing drain.
  1569 | Sewer    | Entered a sewer
  1642 | Sewer    | Reached skill level 5 in Axes
  1642 | Sewer    | Reached XP level 6. HP: 45/57 MP: 4/4
  1657 | Sewer    | Found a white marble altar of Elyvilon.
  1732 | D:3      | Noticed Sigmund
  1767 | D:3      | Killed Sigmund
  1768 | D:3      | Reached skill level 5 in Shields
  1874 | D:3      | Noticed Robin
  1905 | D:3      | Killed Robin
  2132 | D:3      | Reached skill level 6 in Axes
  2291 | D:3      | Found an iron altar of Okawaru.
  2525 | D:4      | Reached XP level 7. HP: 54/64 MP: 4/4
  2672 | D:4      | Found an opulent altar of Gozag.
  2868 | D:5      | Entered Level 5 of the Dungeon
  3010 | D:5      | Reached skill level 7 in Axes
  3014 | D:5      | Reached XP level 8. HP: 31/73 MP: 5/5
  3194 | D:5      | Reached skill level 5 in Fighting
  3600 | D:6      | Reached skill level 8 in Axes
  3600 | D:6      | Reached skill level 5 in Armour
  3972 | D:6      | Gained mutation: You passively map the area around you.
                  | [Deep Dwarf growth]
  3972 | D:6      | Reached XP level 9. HP: 58/82 MP: 5/5
  4019 | D:6      | Found a staircase to the Ecumenical Temple.
  4031 | D:6      | Reached skill level 9 in Axes
  4063 | Temple   | Entered the Ecumenical Temple
  4233 | Temple   | Became a worshipper of Makhleb the Destroyer
  4905 | D:8      | Found Vamazig's Antique Weapon Shop.
  4969 | D:8      | Reached * piety under Makhleb
  5263 | D:8      | Noticed Grum
  5287 | D:8      | Killed Grum
  5288 | D:8      | Reached skill level 10 in Axes
  5370 | D:8      | Noticed a troll
  5377 | D:8      | Killed a troll
  5572 | D:8      | Reached skill level 1 in Invocations
  5572 | D:8      | Reached XP level 10. HP: 45/92 MP: 1/1
  5704 | D:9      | Reached ** piety under Makhleb
  5742 | D:9      | Noticed Gastronok
  5768 | D:9      | Killed Gastronok
  5769 | D:9      | Reached skill level 11 in Axes
  5936 | D:9      | Noticed Psyche
  5950 | D:9      | Killed Psyche
  5971 | D:9      | Found a staircase to the Lair.
  5988 | Lair:1   | Entered Level 1 of the Lair of Beasts
  5993 | Lair:1   | Noticed a cane toad
  6007 | Lair:1   | Noticed a seven-headed hydra
  6068 | Lair:1   | HP: 3/141 [eight-headed hydra (5)]
  6071 | Lair:1   | Slain by an eight-headed hydra

Illustrated notes

Levels and vault maps discovered:
D:1:      dpeg_arrival_castle, layout_basic, chequers_ecumenical_altar_twisty,
          minivault_19, chequers_serial_rivers_micro_e, hex_large
D:2:      minmay_recursive_quarters, layout_loops_cross, uniq_jessica
D:3:      layout_basic, cheibrodos_sewer_entry_drain, minmay_stone_trees_small,
          hangedman_abyss_or_decor_lesser_grid, kennysheep_flooded_box,
          wander_ebering_terrifying_dragon_lair, uniq_robin, uniq_sigmund
D:4:      layout_basic, mainiacjoe_overflow_chevrons
D:5:      layout_basic, serial_curves, eino_curves_01, eino_curves_01,
          minmay_starry_boxes
D:6:      layout_basic, minmay_temple_entry_crystal_x
D:7:      layout_cave_pools
D:8:      layout_loops_ring, serial_shops, nicolae_diamond_shop, uniq_grum
D:9:      nzn_winding_woodlands_three_and_one
          [nzn_winding_woodlands_5x15_jagged,
          nzn_winding_woodlands_5x15_sidewinder,
          nzn_winding_woodlands_5x15_parted,
          nzn_winding_woodlands_center_lodge], layout_basic,
          nicolae_hepliaklqana_hazy_memory, marbit_many_paths, erik_lair_island,
          uniq_psyche, uniq_gastronok
Temple:   regret_index_temple_generic_petals
Lair:1:   layout_regular_city

Skill      XL: |  1  2  3  4  5  6  7  8  9 10 |
---------------+-------------------------------+-----
Axes           | 3 4 5 6 7 8 10 11 | 11.5
Fighting       | 3 4 5 6 7 |  7.4
Shields        | 4 5 6 8 |  8.8
Armour         | 4 5 6 7 |  7.8
Invocations    | 1 4 |  4.3
Dodging        | 3 |  3.3

Action                   |  1- 3 |  4- 6 |  7- 9 | 10-12 || total
-------------------------+-------+-------+-------+-------++-------
Melee: War axe           |    62 |   230 |   263 |   144 ||   699
       Battleaxe         |       |       |   171 |       ||   171
 Abil: Heal Wounds       |     1 |    14 |    20 |    10 ||    45
Evoke: Wand              |       |       |       |     7 ||     7
  Use: Potion            |       |     1 |     4 |     3 ||     8
       Scroll            |       |       |       |     6 ||     6
Armor: Scale mail        |    31 |   104 |       |       ||   135
       Chain mail        |       |     6 |       |       ||     6
       Plate armour      |       |     3 |   363 |   126 ||   492
       Skin              |       |       |       |    32 ||    32
Dodge: Dodged            |    24 |    79 |   140 |    60 ||   303
Block: Kite shield       |    44 |   153 |   195 |   124 ||   516

Table legend: (Time is in decaauts)
 A = Elapsed time spent in this place.
 B = Non-inter-level travel time spent in this place.
 C = Inter-level travel time spent in this place.
 D = Time resting spent in this place.
 E = Time spent auto-exploring this place.
 F = Levels seen in this place.
 G = Mean time per level.
                   A        B        C        D        E       F      G
               +--------+--------+--------+--------+--------+-----+--------+
         Total |   6368 |   6166 |    202 |     32 |   4148 |  12 |  530.7 |
       Dungeon |   5921 |   5745 |    176 |      0 |   3871 |   9 |  657.9 |
        Temple |    197 |    171 |     26 |      0 |    158 |   1 |  197.0 |
          Lair |     83 |     83 |      0 |     32 |      0 |   1 |   83.0 |
         Sewer |    165 |    165 |      0 |      0 |    119 |   1 |  165.0 |
               +--------+--------+--------+--------+--------+-----+--------+

Top non-repeatable levels by time:
     D:3: 920 daAuts
     D:2: 871 daAuts
     D:8: 782 daAuts
     D:6: 765 daAuts
     D:5: 750 daAuts
     D:1: 728 daAuts
     D:7: 379 daAuts
     D:4: 373 daAuts
     D:9: 351 daAuts
  Temple: 197 daAuts
   Sewer: 165 daAuts
  Lair:1: 83 daAuts
